 Dungeon Crawl Stone Soup version 0.23.2-1-ga50397a6bc (webtiles) character file.

Game seed: 12674844260518020925

14798 Menchi the Warrior (level 12, -1/130 HPs)
             Began as a Naga Fighter on May 17, 2019.
             Was an Initiate of Gozag.
             Slain by a six-headed hydra (13 damage)
             ... on level 1 of the Lair of Beasts.
             The game lasted 00:38:24 (13206 turns).

Menchi the Warrior (Naga Fighter)                  Turns: 13206, Time: 00:38:25

Health: -1/130     AC:  8    Str: 24    XL:     12   Next: 20%
Magic:  12/12      EV: 16    Int: 11    God:    Gozag
Gold:   1655       SH:  0    Dex: 13    Spells: 11/11 levels left

rFire    . . .     SeeInvis +   w - +10 demon whip "Seivverupe" {pain, rElec Str+2 Int+3}
rCold    + . .     Gourm    +   (no shield)
rNeg     + . .     Faith    .   B - +1 ring mail of Fucwis {rN+ Slay+2}
rPois    +         Spirit   .   (helmet restricted)
rElec    +         Reflect  .   (no cloak)
rCorr    .         Harm     .   (no gloves)
MR       +....                  (no barding)
Stlth    +.........             A - amulet of the gourmand
HPRegen  0.31/turn              F - ring of protection from cold
MPRegen  0.13/turn              y - +3 ring of evasion

@: gold aura, very slow
A: large, horns 1, see invisible, deformed body, deterioration 2, poison
resistance, slowness 2, slow metabolism 1, spit poison 1, AC +4
a: Spit Poison, Potion Petition, Call Merchant, Bribe Branch, Renounce Religion


You were on level 1 of the Lair of Beasts.
You worshipped Gozag.
Gozag was most pleased with you.
You were not hungry.

You visited 3 branches of the dungeon, and saw 13 of its levels.

You collected 1748 gold pieces.
You paid 93 gold pieces to Gozag.

Inventory:

Hand Weapons
 w - the +10 demon whip "Seivverupe" (weapon) {pain, rElec Str+2 Int+3}
   (You acquired it on level 9 of the Dungeon)

   In the hands of one skilled in necromantic magic, it inflicts extra damage on
   living creatures.
   It affects your strength (+2).
   It affects your intelligence (+3).
   It insulates you from electricity.
Armour
 c - a +0 shield
 u - a +1 helmet
 B - the +1 ring mail of Fucwis (worn) {rN+ Slay+2}
   (You found it on level 4 of the Dungeon)

   It affects your accuracy and damage with ranged weapons and melee attacks
   (+2).
   It protects you from negative energy.
Jewellery
 y - a +3 ring of evasion (right hand)
 A - an amulet of the gourmand (around neck)
 F - a ring of protection from cold (left hand)
Wands
 b - a wand of enslavement (11)
 d - a wand of paralysis (7)
 x - a wand of flame (4)
 G - a wand of disintegration (13)
 H - a wand of acid (5)
Scrolls
 h - 2 scrolls of magic mapping
 i - a scroll of amnesia
 j - a scroll of fear
 k - 4 scrolls of teleportation
 l - 8 scrolls of remove curse
 r - 5 scrolls of fog
 v - 5 scrolls of enchant weapon
 E - a scroll of silence
Potions
 a - 2 potions of lignification
 g - 3 potions of cancellation
 m - 4 potions of flight
 n - a potion of haste
 o - a potion of brilliance
 p - 3 potions of curing
 s - 2 potions of agility
 z - a potion of heal wounds
 C - a potion of magic
 D - a potion of ambrosia
Comestibles
 f - 15 rations


   Skills:
 * Level 15.0 Fighting
   Level 2.0 Long Blades
 * Level 6.2 Maces & Flails
 - Level 2.4 Armour
 - Level 8.0 Dodging
 + Level 3.2 Shields


You had 11 spell levels left.
You didn't know any spells.
Your spell library contained the following spells:

 Spells                   Type           Power        Failure   Level  Hunger
 Magic Dart               Conj           #...         47%         1    ##.....
 Blink                    Tloc           N/A          63%         2    ###....
 Call Imp                 Summ           #.......     63%         2    ###....
 Searing Ray              Conj           #.....       63%         2    ###....
 Slow                     Hex            #.......     63%         2    ###....
 Conjure Flame            Conj/Fire      #.......     85%         3    ####...
 Dazzling Spray           Conj/Hex       #.....       85%         3    ####...
 Mephitic Cloud           Conj/Pois/Air  #.......     85%         3    ####...
 Force Lance              Conj/Tloc      #.......     99%         4    #####..
 Fulminant Prism          Conj/Hex       #.........   99%         4    #####..
 Iskenderun's Mystic Bla  Conj           #.......     99%         4    #####..
 Irradiate                Conj/Tmut      #.........   100%        5    ######.
 Hydra Form               Tmut           #.........   100%        6    #######
 Statue Form              Tmut/Erth      #........    100%        6    #######
 Dragon Form              Tmut           #.........   100%        7    #######


Dungeon Overview and Level Annotations

Branches:
Dungeon (11/15)            Temple (1/1) D:5            Lair (1/6) D:8
    Orc: D:9-12

Altars:
Ashenzari
Cheibriados
Dithmenos
Elyvilon
Fedhas
Gozag
Hepliaklqana
Kikubaaqudgha
Makhleb
Nemelex Xobeh
Okawaru
Qazlal
Ru
Sif Muna
Trog
Uskayaw
Vehumet
Wu Jian
Xom
Yredelemnul
Zin
The Shining One

Shops:
D:8 [   D:9 [([   D:10 *

Annotations:
D:10 Snorg
D:11 1 runed translucent door, flt's ghost, journeyman OpVM


Innate Abilities, Weirdness & Mutations

You cannot wear boots.
Your serpentine skin is tough. (AC +4)
You have supernaturally acute eyesight. (SInv)
Armour fits poorly on your strangely shaped body.
Your system is resistant to poisons. (rPois)
You cover ground very slowly.
You have a slow metabolism.
You can spit poison.
You have a pair of small horns on your head.
Your body often deteriorates upon taking damage.


Message History

The six-headed hydra is splashed with acid.
The six-headed hydra is heavily wounded.
The six-headed hydra bites you.
The six-headed hydra closely misses you.
The six-headed hydra bites you.
* * * LOW HITPOINT WARNING * * *
The six-headed hydra bites you.
* * * LOW HITPOINT WARNING * * *
The six-headed hydra bites you!
* * * LOW HITPOINT WARNING * * *
The six-headed hydra bites you!
* * * LOW HITPOINT WARNING * * *
Evoke which item? (* to show all) (? for menu, Esc to quit)
Aiming: Disintegrate
Press: ? - help, Shift-Dir - straight line, f/p - six-headed hydra
Aim: a six-headed hydra (heavily wounded, chance to defeat MR: 30%)
The six-headed hydra is blasted!
The six-headed hydra misses you. The six-headed hydra bites you!
You die...
Your body crumbles into a pile of gold.

...# #...########
......### #...##......
...>....## ###........#
.........### #....##...
...........####...##....
.............#..###.....
............#..## ##....
>......?...##..# #....
......$@...##.## #....
......D...##..# ##P..
.........##..## ##..
........###.. #.#.
.......## #.. ####
......# ... # .....# #
###.#


You could see a six-headed hydra.

Vanquished Creatures
  Erica (D:8)
  2 two-headed ogres
  2 unseen horrors
  A black mamba (Lair:1)
  Psyche (D:8)
  A kobold demonologist (D:11)
  2 spiny frogs (Lair:1)
  An efreet (D:11)
  2 hornets
  Prince Ribbit (D:6)
  2 hippogriffs
  A wraith (D:10)
  11 yaks
  2 steam dragons
  3 hungry ghosts
  Edmund (D:5)
  An acid dragon (D:10)
  2 water moccasins
  2 porcupines (Lair:1)
  7 orc warriors
  3 ice beasts
  2 sky beasts (D:7)
  2 centaurs
  9 ogres
  A crocodile (Lair:1)
  Blork the orc (D:6)
  9 bullfrogs
  6 scorpions
  6 killer bees (D:9)
  19 wights
  5 howler monkeys
  3 crimson imps
  5 hounds
  3 bullfrog zombies
  2 centaur zombies (D:5)
  4 bullfrog skeletons
  9 orc priests
  A centaur skeleton (D:10)
  Ijyb (D:3)
  Terence (D:2)
  3 iguanas
  16 orc wizards
  8 worker ants
  2 hound zombies
  A hound skeleton (D:7)
  2 worker ant zombies (D:7)
  5 gnolls
  A howler monkey skeleton (D:8)
  11 adders
  A shadow imp (D:5)
  2 oozes
  2 adder skeletons (D:7)
  A worm (D:2)
  A dart slug (D:1)
  3 leopard geckos (D:3)
  46 orcs
  5 bats
  8 giant cockroaches
  9 goblins
  8 hobgoblins
  7 jackals
  5 quokkas
  A ball python (D:4)
  9 frilled lizards
  A jackal skeleton (D:6)
  13 kobolds
  A quokka skeleton (D:4)
  2 quokka zombies
  9 rats
321 creatures vanquished.

Vanquished Creatures (others)
  A crimson imp (D:7)
  2 withered plants (D:11)
3 creatures vanquished.

Grand Total: 324 creatures vanquished

Notes
Turn   | Place    | Note
-------+----------+-------------------------------------------
     0 | D:1      | Menchi the Naga Fighter began the quest for the Orb.
     0 | D:1      | Reached XP level 1. HP: 21/21 MP: 1/1
    81 | D:1      | Reached XP level 2. HP: 9/28 MP: 2/2
   670 | D:1      | Reached skill level 1 in Dodging
   672 | D:1      | Reached XP level 3. HP: 14/36 MP: 3/3
   994 | D:1      | Reached skill level 4 in Fighting
  1332 | D:2      | Reached XP level 4. HP: 44/44 MP: 4/4
  1415 | D:2      | Found a faded altar of an unknown god.
  1547 | D:2      | Noticed Terence
  1555 | D:2      | Killed Terence
  1684 | D:2      | Found a burning altar of Makhleb.
  1856 | D:3      | Reached XP level 5. HP: 35/51 MP: 5/5
  1868 | D:3      | Reached skill level 5 in Fighting
  2212 | D:3      | Noticed Ijyb
  2220 | D:3      | Killed Ijyb
  2600 | D:3      | Found a snail-covered altar of Cheibriados.
  3026 | D:4      | Reached XP level 6. HP: 27/61 MP: 6/6
  3202 | D:4      | Found an ancient bone altar of Kikubaaqudgha.
  3375 | D:4      | Noticed a +0 dagger
  3375 | D:4      | Noticed a +0 dagger
  3377 | D:4      | Found a hide-covered altar of Uskayaw.
  3810 | D:4      | Got a distressingly furry ring mail
  3821 | D:4      | Identified the +1 ring mail of Fucwis {rN+ Slay+2} (You
                  | found it on level 4 of the Dungeon)
  3935 | D:5      | Entered Level 5 of the Dungeon
  3946 | D:5      | Reached skill level 6 in Fighting
  3946 | D:5      | Reached XP level 7. HP: 61/69 MP: 7/7
  4396 | D:5      | Found a staircase to the Ecumenical Temple.
  4397 | D:5      | You fall through a shaft!
  4397 | D:6      | Found a bloodstained altar of Trog.
  4440 | D:6      | Noticed Prince Ribbit
  4453 | D:6      | Reached skill level 7 in Fighting
  4458 | D:6      | Killed Prince Ribbit
  4458 | D:6      | Reached skill level 5 in Dodging
  4458 | D:6      | Reached XP level 8. HP: 30/80 MP: 8/8
  4650 | D:6      | Found a sacrificial altar of Ru.
  4729 | D:6      | Reached skill level 8 in Fighting
  5065 | D:5      | Noticed Edmund
  5090 | D:5      | Killed Edmund
  5571 | D:6      | Noticed a hornet
  5581 | D:6      | Reached XP level 9. HP: 41/90 MP: 9/9
  5922 | D:6      | Killed a hornet
  5922 | D:6      | Reached skill level 9 in Fighting
  6149 | D:6      | Noticed Blork the orc
  6155 | D:6      | Killed Blork the orc
  6163 | D:6      | Found a white marble altar of Elyvilon.
  7199 | D:7      | Reached skill level 10 in Fighting
  7287 | Temple   | Entered the Ecumenical Temple
  7330 | Temple   | Became a worshipper of Gozag Ym Sagoz the Greedy
  7870 | D:7      | Found a glowing golden altar of the Shining One.
  7881 | D:7      | Reached XP level 10. HP: 96/103 MP: 10/10
  8116 | D:8      | Found Diunid's Armour Emporium.
  8144 | D:8      | Noticed Erica
  8152 | D:8      | Killed Erica
  8152 | D:8      | Reached skill level 11 in Fighting
  8436 | D:8      | Found an ornate altar of the Wu Jian Council.
  8565 | D:8      | Found an iron altar of Okawaru.
  8599 | D:8      | Reached skill level 12 in Fighting
  8624 | D:8      | Found a staircase to the Lair.
  8763 | D:8      | Noticed Psyche
  8771 | D:8      | Killed Psyche
  9114 | D:9      | Reached skill level 13 in Fighting
  9117 | D:9      | Reached XP level 11. HP: 62/117 MP: 11/11
  9310 | D:9      | Found Gerhul's Antique Weapon Boutique.
  9373 | D:9      | Found Xodallayk's Antique Armour Shop.
  9676 | D:9      | Found Xeuloh's Armour Boutique.
 10045 | D:9      | Noticed a two-headed ogre
 10054 | D:9      | Killed a two-headed ogre
 10054 | D:9      | Reached skill level 14 in Fighting
 10458 | D:9      | Identified a scroll of acquirement
 10461 | D:9      | Got a faintly glowing demon whip
 10462 | D:9      | Identified the +10 demon whip "Seivverupe" {pain, rElec
                  | Str+2 Int+3} (You acquired it on level 9 of the Dungeon)
 10480 | D:10     | Entered Level 10 of the Dungeon
 10552 | D:10     | Noticed an unseen horror
 10560 | D:10     | Killed an unseen horror
 10560 | D:10     | Reached skill level 1 in Maces & Flails
 11219 | D:10     | Noticed Snorg
 11357 | D:10     | Paralysed by a hornet for 3 turns
 11401 | D:10     | Found Ogoe's General Store.
 11584 | D:11     | Noticed an unseen horror
 11601 | D:11     | Killed an unseen horror
 11793 | D:11     | Found a runed translucent door.
 11793 | D:11     | Noticed flt's ghost (journeyman OpVM)
 11828 | D:11     | Reached skill level 5 in Maces & Flails
 12259 | D:11     | Noticed a two-headed ogre
 12270 | D:11     | Killed a two-headed ogre
 12270 | D:11     | Reached XP level 12. HP: 13/129 MP: 12/12
 12312 | D:11     | Gained mutation: Your body sometimes deteriorates upon
                  | taking damage. [potion of mutation]
 12312 | D:11     | Gained mutation: Your body often deteriorates upon taking
                  | damage. [potion of mutation]
 12312 | D:11     | Gained mutation: You have a pair of small horns on your
                  | head. [potion of mutation]
 12870 | Lair:1   | Entered Level 1 of the Lair of Beasts
 12992 | Lair:1   | Reached skill level 15 in Fighting
 13195 | Lair:1   | Noticed a six-headed hydra
 13206 | Lair:1   | Slain by a six-headed hydra

Skill      XL: |  1  2  3  4  5  6  7  8  9 10 11 12 |
---------------+-------------------------------------+-----
Dodging        | 1 2 3 5 6 8 |  8.0
Fighting       | 4 5 6 7 8 10 13 14 15 | 15.0
Maces & Flails | 5 6 |  6.2
Shields        | 3 |  3.2
Long Blades    | |  2.0
Armour         | |  2.4

Action                   |  1- 3 |  4- 6 |  7- 9 | 10-12 || total
-------------------------+-------+-------+-------+-------++-------
Melee: Long sword        |   134 |    15 |       |       ||   149
       Spear             |       |   166 |   286 |       ||   452
       Short sword       |       |       |    88 |   127 ||   215
       Flail             |       |       |       |   239 ||   239
       Demon whip        |       |       |       |   223 ||   223
       Headbutt          |       |       |       |     8 ||     8
 Abil: Spit Poison       |     2 |     7 |     8 |     7 ||    24
Evoke: Wand              |       |       |    10 |    14 ||    24
  Use: Scroll            |     1 |       |     9 |    17 ||    27
       Potion            |       |       |     2 |     7 ||     9
  Eat: Chunk             |     1 |     4 |    18 |       ||    23
       Ration            |       |     1 |       |     6 ||     7
Armor: Scale mail        |    85 |    78 |       |       ||   163
       Ring mail         |       |     3 |   105 |   168 ||   276
Dodge: Dodged            |    62 |    70 |   221 |   462 ||   815
       Rpst.: Long sword |    20 |       |       |       ||    20
